 Dungeon Crawl Stone Soup version 0.22.1-2-g9c5b331383 (webtiles) character file.

59 Peloso the Covered (level 3, -4/33 HPs)
             Began as a Minotaur Fighter on Dec 21, 2018.
             Slain by a gnoll
             ... wielding a +1 halberd of holy wrath
              (10 damage)
             ... on level 2 of the Dungeon.
             The game lasted 00:02:06 (811 turns).

Peloso the Covered (Minotaur Fighter)                Turns: 811, Time: 00:02:06

Health: -4/33      AC:  9    Str: 20    XL:     3   Next: 78%
Magic:  2/2        EV:  5    Int:  5    God:
Gold:   62         SH:  9    Dex: 10    Spells: 2/2 levels left

rFire    . . .     SeeInvis .   a - +0 long sword
rCold    . . .     Gourm    .   c - +0 shield
rNeg     . . .     Faith    .   k - +0 chain mail
rPois    .         Spirit   .   (helmet restricted)
rElec    .         Reflect  .   (no cloak)
rCorr    .         Harm     .   (no gloves)
MR       .....                  (no boots)
Stlth    ..........             (no amulet)
HPRegen  0.11/turn              (no ring)
MPRegen  0.08/turn              (no ring)

@: no status effects
A: retaliatory headbutt, horns 2
a: no special abilities


You were on level 2 of the Dungeon.
You were not hungry.

You visited 1 branch of the dungeon, and saw 2 of its levels.

You collected 62 gold pieces.

Inventory:

Hand Weapons
 a - a +0 long sword (weapon)
Armour
 b - a +0 scale mail
 c - a +0 shield (worn)
 k - a +0 chain mail (worn)
Scrolls
 e - 2 scrolls of enchant armour {unknown}
 h - a scroll of amnesia {unknown}
 i - 2 scrolls of fear {unknown}
 m - a scroll of noise {unknown}
 n - 2 scrolls of identify {unknown}
Potions
 d - a potion of might
 g - a potion of degeneration {unknown}
 j - a potion of brilliance {unknown}
 l - a potion of invisibility {unknown}
Comestibles
 f - 2 rations


   Skills:
 + Level 4.0 Fighting
 + Level 3.0 Long Blades
 + Level 4.5 Armour
 + Level 0.3 Dodging
 + Level 4.3 Shields


You had 2 spell levels left.
You didn't know any spells.
Your spell library was empty.

Dungeon Overview and Level Annotations

Branches:
Dungeon (2/15)

Altars:
Cheibriados

Annotations:
D:2 2 transporters


Innate Abilities, Weirdness & Mutations

You reflexively headbutt those who attack you in melee.
You have a pair of horns on your head.


Message History

The gnoll is lightly wounded.
The gnoll hits you but does no damage. x2
You barely miss the gnoll. Your headbutt misses the gnoll.
The gnoll is lightly wounded.
You block the gnoll's attack. x2
You closely miss the gnoll.
You headbutt the gnoll, but do no damage.
The gnoll is lightly wounded.
The gnoll hits you with a whip.
The gnoll hits you from afar with a halberd of holy wrath!
The gnoll hits you but does no damage.
You closely miss the gnoll.
The gnoll is lightly wounded.
The gnoll completely misses you. You block the gnoll's attack.
You hit the gnoll but do no damage.
The gnoll is lightly wounded.
The gnoll hits you with a whip.
* * * LOW HITPOINT WARNING * * *
The gnoll hits you from afar with a halberd of holy wrath!
You die...

###.###..# .........#
###.####.# # #.# #.#
###.# #.# ....####.#
.###.....# .
......##############....
.###............@gg.....
.# ##.##############....
.# #.# . .####.######
[..†....<..#
#####.####.. ##. #.# ...
#.# #.# #.# #.#


You could see 2 gnolls.

Vanquished Creatures
  An adder (D:2)
  2 gnolls (D:2)
  A worm (D:2)
  A dart slug (D:1)
  3 bats (D:1)
  2 giant cockroaches
  4 goblins
  2 hobgoblins (D:1)
  2 ball pythons (D:2)
  A frilled lizard (D:1)
  3 kobolds (D:1)
  6 rats
28 creatures vanquished.

Notes
Turn   | Place    | Note
-------+----------+-------------------------------------------
     0 | D:1      | Peloso the Minotaur Fighter began the quest for the Orb.
     0 | D:1      | Reached XP level 1. HP: 19/19 MP: 0/0
    95 | D:1      | Reached XP level 2. HP: 15/27 MP: 1/1
   630 | D:2      | Reached XP level 3. HP: 19/33 MP: 2/2
   647 | D:2      | Found a snail-covered altar of Cheibriados.
   651 | D:2      | Found a transporter.
   651 | D:2      | Noticed a bullfrog
   662 | D:2      | Found a transporter.
   811 | D:2      | Slain by a gnoll

Skill      XL: |  1  2  3 |
---------------+----------+-----
Armour         | 4 |  4.5
Shields        | 4 |  4.3
Fighting       | 4 |  4.0
Long Blades    | 3 |  3.0
Dodging        | |  0.3

Action                   || total
-------------------------++-------
Melee: Long sword        ||    66
       Headbutt          ||     8
Armor: Scale mail        ||     7
       Chain mail        ||    22
Dodge: Dodged            ||    18
Block: Shield            ||    27
       Rpst.: Long sword ||     4
